 Dungeon Crawl Stone Soup version 0.28.0-62-gf88900778d (webtiles) character file.

Game seed: 8369415000383805751

15 Coron the Sneak (level 2, -2/28 HPs)
             Began as a Deep Dwarf Delver on Mar 30, 2023.
             Was an Initiate of Kikubaaqudgha.
             Succumbed to a water moccasin's poison
             ... on level 3 of the Dungeon.
             The game lasted 00:02:24 (286 turns).

Coron the Sneak (Deep Dwarf Delver)                  Turns: 286, Time: 00:02:25

Health: -2/28      AC:  3    Str: 15    XL:     2   Next: 34%
Magic:  1/1        EV: 12    Int: 10    God:    Kikubaaqudgha [......]
Gold:   86         SH:  0    Dex: 14    Spells: 1/1 levels left

rFire   . . .      SeeInvis .   a - +0 hand axe
rCold   . . .      Faith    .   (no shield)
rNeg    . . .      Spirit   .   b - +0 leather armour
rPois   .          Reflect  .   (no helmet)
rElec   .          Harm     .   (no cloak)
rCorr   .          Rampage  .   (no gloves)
Will    .....                   (no boots)
Stlth   +++.......              (no amulet)
HPRegen 0.00/turn               (no ring)
MPRegen 0.07/turn               (no ring)

@: lethally poisoned (-2 -> -8), hasted, very quick
A: damage resistance, heal wounds, sense surroundings 1, no regeneration
a: Heal Wounds, Renounce Religion


You were on level 3 of the Dungeon.
You worshipped Kikubaaqudgha.
Kikubaaqudgha was noncommittal.
You visited 1 branch of the dungeon, and saw 3 of its levels.

You collected 86 gold pieces.

Inventory:

Hand Weapons
 a - a +0 hand axe (weapon)
Armour
 b - a +0 leather armour (worn)
Wands
 g - a wand of digging (3)
Scrolls
 c - a scroll of fog
 d - a scroll of magic mapping
 j - a scroll of identify {unknown}
 k - a scroll of holy word {unknown}
 l - a scroll of immolation {unknown}
Potions
 h - a potion of attraction {unknown}
 i - a potion of flight {unknown}


   Skills:
 - Level 3.0 Fighting
 + Level 2.6 Axes
 + Level 1.0 Armour
 - Level 2.2 Dodging
 - Level 6.0 Stealth


You had one spell level left.
You didn't know any spells.
Your spell library contained the following spells:

 Spells                   Type           Power      Damage    Failure   Level
 Static Discharge         Conj/Air       0%         N/A       56%         2
 Dispel Undead            Necr           0%         3d6       99%         4
 Sticky Flame             Conj/Fire      0%         2d3       99%         4


Dungeon Overview and Level Annotations

Branches:
Dungeon (5/15)             Temple (0/1) D:4

Altars:
Cheibriados
Fedhas
Kikubaaqudgha
Vehumet
Wu Jian
Xom


Innate Abilities, Weirdness & Mutations

You are resistant to damage.
You can heal yourself by infusing magical energy.
You passively map a small area around you.
You do not regenerate.


Message History

You feel much better.
You closely miss the water moccasin.
The water moccasin is severely wounded.
The water moccasin bites you. The water moccasin misses you.
You barely miss the water moccasin.
The water moccasin is severely wounded.
The water moccasin bites you!
You are more poisoned.
The water moccasin poisons you!
You hit the water moccasin but do no damage.
The water moccasin is severely wounded.
The water moccasin bites you.
You hit the water moccasin but do no damage.
The water moccasin is severely wounded.
The water moccasin misses you.
You closely miss the water moccasin.
The water moccasin is severely wounded.
The water moccasin bites you but does no damage.
You hit the water moccasin.
The water moccasin is almost dead.
The water moccasin bites you.
You are more poisoned.
The water moccasin poisons you!
You barely miss the water moccasin.
The water moccasin is almost dead.
You feel very sick.
The water moccasin bites you but does no damage.
You hit the water moccasin.
The water moccasin is almost dead.
You feel sick. The water moccasin bites you.
You are lethally poisoned!
The water moccasin poisons you!
You barely miss the water moccasin.
The water moccasin is almost dead.
* * * LOW HITPOINT WARNING * * *
You feel extremely sick. The water moccasin misses you.
You fail to use your ability.
You die...
Kikubaaqudgha rasps: "You have failed me!
Welcome... death!"

* #########.#.#
.>........#.# ,
, ,
............##
,*
...<......#..##*
...>..........#
, * *
...............
, ,
.......S..^#...
, *
.).....@.......
,,
,...?.....#.....
, * ...........
... *
.........#.# ,.
#..#######.# ,
.. #,, .,,* , ,
, ,* * *


You could see a water moccasin.

Vanquished Creatures
  An ufetubus (D:4)
  An orc (D:4)
  A ball python (D:4)
  2 endoplasms
  A hobgoblin (D:4)
  A kobold (D:4)
  A rat (D:3)
8 creatures vanquished.

Notes
Turn   | Place    | Note
-------+----------+-------------------------------------------
     0 | D:5      | Coron the Deep Dwarf Delver began the quest for the Orb.
     0 | D:5      | Reached XP level 1. HP: 20/20 MP: 1/1
    12 | D:5      | Found a blossoming altar of Fedhas.
    12 | D:5      | Found an ornate altar of the Wu Jian Council.
    18 | D:5      | Found a radiant altar of Vehumet.
    22 | D:5      | Found a snail-covered altar of Cheibriados.
    29 | D:5      | Found an ancient bone altar of Kikubaaqudgha.
    31 | D:5      | Found a shimmering altar of Xom.
    38 | D:5      | Became a worshipper of Kikubaaqudgha
    46 | D:5      | Noticed an orc priest
    46 | D:5      | Noticed a hound
    47 | D:5      | Noticed a water moccasin
    53 | D:5      | Noticed a black bear
   118 | D:4      | Found a staircase to the Ecumenical Temple.
   120 | D:4      | Noticed an orc wizard
   120 | D:4      | Noticed an orc priest
   215 | D:4      | Noticed a scorpion
   215 | D:4      | Noticed a black bear
   236 | D:4      | Noticed a yak
   250 | D:4      | Reached XP level 2. HP: 21/28 MP: 2/2
   259 | D:3      | Noticed a water moccasin
   265 | D:3      | HP: 1/28 [water moccasin (4)]
   270 | D:3      | Reached skill level 1 in Armour
   286 | D:3      | Succumbed to a water moccasin's poison

Illustrated notes

Levels and vault maps discovered:
D:3:      layout_rooms, lemuel_crystal_altar, minmay_misc_feat_hallway
D:4:      nicolae_BIG_FREAKIN_CUBE, layout_rooms,
          minmay_temple_entry_antechambers, uniq_blork_the_orc, uniq_pikel
D:5:      layout_basic, nicolae_overflow_hallway_of_the_gods,
          nicolae_fountain_basement

Skill      XL: |  1  2 |
---------------+-------+-----
Fighting       | 3 |  3.0
Armour         | 1 |  1.0
Axes           | |  2.6
Dodging        | |  2.2
Stealth        | |  6.0

Action                   || total
-------------------------++-------
Melee: Hand axe          ||    37
       Punch             ||     2
 Abil: Heal Wounds       ||     2
  Use: Scroll            ||     1
       Potion            ||     1
 Stab: Sleeping          ||     1
Armor: Leather armour    ||     7
Dodge: Dodged            ||    37
